 Dungeon Crawl Stone Soup version 0.29.1-12-g30fa7ad0bf (webtiles) character file.

Game seed: 79430443727579977

68868 zeram the Executioner (level 15, -13/145 HPs)
             Began as a Hill Orc Fighter on Dec 23, 2022.
             Was a Follower of Yredelemnul.
             Mangled by Rupert
             ... wielding a +2 great mace of protection
              (32 damage)
             ... on level 2 of the Orcish Mines.
             The game lasted 00:40:01 (16321 turns).

zeram the Executioner (Hill Orc Fighter)           Turns: 16321, Time: 00:40:02

Health: -13/145    AC: 31    Str: 29    XL:     15   Next: 28%
Magic:  15/15      EV: 13    Int:  8    God:    Yredelemnul [*.....]
Gold:   1351       SH:  7    Dex: 10    Spells: 14/14 levels left

rFire   + . .      SeeInvis +   a - +1 war axe (venom)
rCold   . . .      Faith    .   c - +1 buckler
rNeg    . . .      Spirit   .   z - +0 plate armour
rPois   .          Reflect  .   d - +5 helmet of Piles {Drain Str+2 SInv}
rElec   .          Harm     .   T - +1 cloak
rCorr   .          Rampage  .   Z - +1 pair of gloves {Stlth+}
Will    ++...                   A - +1 pair of boots
Stlth   ..........              j - amulet of regeneration
HPRegen 1.14/turn               g - +4 ring of slaying
MPRegen 0.14/turn               U - ring of Temptation {rF+ Will+ EV+4 Stlth+}

@: studying Axes
A: no striking features
a: Renounce Religion, Recall Undead Harvest


You were on level 2 of the Orcish Mines.
You worshipped Yredelemnul.
Yredelemnul was noncommittal.
You visited 4 branches of the dungeon, and saw 20 of its levels.
You also visited: Gauntlet.

You collected 1351 gold pieces.

Inventory:

Hand Weapons
 a - a +1 war axe of venom (weapon)
 x - a +2 whip of flaming
Armour
 c - a +1 buckler (worn)
 d - the +5 helmet of Piles (worn) {Drain Str+2 SInv}
   (You acquired it on level 6 of the Dungeon)

   Str:       It affects your strength (+2).
   SInv:      It lets you see invisible.
   Drain:     It drains your maximum health when unequipped.
 z - a +0 plate armour (worn)
 A - a +1 pair of boots (worn)
 T - a +1 cloak (worn)
 Z - a +1 pair of gloves of stealth (worn)
Jewellery
 g - a +4 ring of slaying (left hand)
 j - an amulet of regeneration (around neck)
 U - the ring of Temptation (right hand) {rF+ Will+ EV+4 Stlth+}
   (You found it in a Gauntlet)

   [ring of evasion]

   EV:        It affects your evasion (+4).
   rF:        It protects you from fire.
   Will:      It increases your willpower.
   Stlth:     It makes you more stealthy.
Wands
 w - a wand of paralysis (19)
 R - a wand of mindburst (34)
Scrolls
 p - a scroll of silence
 q - 4 scrolls of enchant weapon
 t - 3 scrolls of blinking
 u - a scroll of magic mapping
 F - 5 scrolls of teleportation
 G - 2 scrolls of fear
 S - a scroll of brand weapon
 X - 2 scrolls of identify
Potions
 e - 8 potions of curing
 f - 6 potions of haste
 h - a potion of berserk rage
 k - a potion of invisibility
 m - 2 potions of ambrosia
 o - 4 potions of flight
 B - 4 potions of brilliance
 E - 5 potions of heal wounds
 I - 4 potions of might
 K - a potion of magic


   Skills:
 + Level 16.6 Fighting
 + Level 22.6(22.9) Axes
 + Level 4.8(13.6) Maces & Flails
 + Level 14.9 Armour
 + Level 2.7 Dodging
 + Level 9.9 Shields
 + Level 1.2 Evocations


You had 14 spell levels left.
You didn't know any spells.
Your spell library contained the following spells:

 Spells                   Type           Power      Damage    Failure   Level
 Magic Dart               Conj           0%         1d3       97%         1
 Sandblast                Erth           0%         2d4       97%         1
 Slow                     Hex            0%         N/A       97%         1
 Sting                    Tmut/Pois      0%         1d3       97%         1
 Call Imp                 Summ           0%         N/A       99%         2
 Passwall                 Tmut/Erth      0%         N/A       99%         2
 Poisonous Vapours        Pois/Air       0%         N/A       99%         2
 Call Canine Familiar     Summ           0%         N/A       100%        3
 Confusing Touch          Hex            0%         N/A       100%        3
 Mephitic Cloud           Conj/Pois/Air  0%         N/A       100%        3
 Portal Projectile        Hex/Tloc       0%         N/A       100%        3
 Stone Arrow              Conj/Erth      0%         3d7       100%        3
 Tukima's Dance           Hex            0%         N/A       100%        3
 Vampiric Draining        Necr           0%         2d6       100%        3
 Leda's Liquefaction      Hex/Erth       0%         N/A       100%        4
 Olgreb's Toxic Radiance  Pois           0%         N/A       100%        4
 Passage of Golubria      Tloc           0%         N/A       100%        4
 Lee's Rapid Deconstruct  Erth           0%         3d5*      100%        5
 Yara's Violent Unravell  Hex/Tmut       0%         3d3       100%        5
 Statue Form              Tmut/Erth      0%         N/A       100%        6


Dungeon Overview and Level Annotations

Branches:
Dungeon (12/15)            Temple (1/1) D:7            Lair (5/5) D:9
 Shoals (0/4) Lair:3       Spider (0/4) Lair:2        Slime (0/5) Lair:4
    Orc (2/2) D:12        Gauntlet (visited)
    Elf: Orc:2

Altars:
Ashenzari
Cheibriados
Dithmenos
Elyvilon
Fedhas
Gozag
Hepliaklqana
Kikubaaqudgha
Makhleb
Nemelex Xobeh
Okawaru
Qazlal
Ru
Sif Muna
Trog
Uskayaw
Vehumet
Wu Jian
Xom
Yredelemnul
Zin
The Shining One
Jiyva

Shops:
D:1 (   D:10 (

Annotations:
Orc:2 Rupert


Message History

Rupert hits your orc wizard zombie with a +2 great mace of protection!!
Your orc wizard zombie is destroyed!
An orc priest comes into view. It is wielding a +0 hand axe.
The orc hits your ogre zombie with a +0 whip.
The orc throws a boomerang.
The boomerang hits your gnoll bouda zombie.
Your gnoll bouda zombie is destroyed!
The orc wizard hits you but does no damage.
The ogre closely misses you.
Your orc warrior zombie hits Rupert!
Rupert hits your orc warrior zombie with a +2 great mace of protection!!!
Your orc warrior zombie is destroyed!
The orc wizard barely misses you.
Your ogre zombie hits the orc!
The orc dies!
Your gnoll zombie barely misses Rupert.
You can no longer trade souls for undead servants.
As you read the scroll of fear, it crumbles to dust.
You assume a fearsome visage.
Rupert is unaffected.
The ogre looks frightened!
The orc wizard looks frightened!
The orc looks frightened!
The orc warrior looks frightened!
The orc looks frightened!
The orc priest looks frightened!
The orc warrior barely misses your ogre zombie.
The orc looks desperately for an escape route.
Rupert hits you with a +2 great mace of protection!!
* * * LOW HITPOINT WARNING * * *
The orc warrior hits your orc zombie with a +0 scimitar!!
Your orc zombie is destroyed!
Your ogre zombie closely misses the orc warrior.
Rupert barely misses you.
Things that are here:
a +0 whip; a +0 robe Unknown command.
Rupert attacks as you move away! Rupert misses you.
An ogre comes into view. It is wielding a +0 giant club.
Your gnoll zombie hits Rupert but does no damage.
There is a stone staircase leading up, spattered with blood here.
Rupert hits you with a +2 great mace of protection!
* * * LOW HITPOINT WARNING * * *
Rupert hits you with a +2 great mace of protection!!
You die...
Your body rises from the dead as a mindless zombie.

................
................
...o...........
..........<...
#............
###............
.##...)))Z.......
......)@@).......
......).Z........
........))..$....
.....$)...o......
.................
....#.......O....
.......O..o......
.#$..............
..............


You could see Rupert (berserk, very poisoned, ally target), an orc warrior
(fleeing), 2 ogres, an orc wizard (invisible, fleeing), an orc (fleeing), a
friendly gnoll zombie and a friendly ogre zombie.

Vanquished Creatures
  A minotaur (Gauntlet)
  Harold (Lair:2)
  2 boulder beetles
  3 hydras
  Erica (D:9)
  8 two-headed ogres
  The ghost of BillyBaka the Basher, a journeyman GrFi of Gozag (D:9)
  5 death yaks (Lair:2)
  A tengu warrior (D:11)
  A sixfirhy (Gauntlet)
  5 skeletal warriors (D:12)
  Pikel (D:4)
  2 orc sorcerers (Orc:1)
  7 elephants
  2 manticores
  6 black mambas
  Joseph (D:9)
  2 torpor snails
  13 cane toads
  10 komodo dragons
  An unseen horror (D:12)
  5 rime drakes
  3 trolls
  2 polar bears
  A hornet (Gauntlet)
  3 meliai (D:11)
  A wind drake (Lair:3)
  20 blink frogs
  2 dream sheep (Lair:4)
  A wraith (D:11)
  A wyvern (Lair:5)
  A vampire (D:10)
  37 yaks
  3 steam dragons
  5 vampire mosquitoes
  6 wargs
  2 basilisks
  Grum (D:8)
  15 water moccasins
  An acid dragon (D:10)
  2 black bears
  9 orc warriors
  3 ogres
  2 ice beasts
  13 wolves
  3 centaurs
  2 lemures (D:4)
  A phantom (D:4)
  3 kobold brigands
  7 bullfrogs
  2 scorpions
  A gnoll sergeant (D:7)
  4 wights (D:6)
  11 killer bees
  4 howler monkeys
  2 electric eels (Lair:1)
  A centaur zombie (D:4)
  4 jellies
  A hound (D:6)
  A centaur skeleton (D:4)
  17 orc priests
  2 gnoll boudas
  8 iguanas
  Jessica (D:3)
  Terence (D:3)
  A scorpion zombie (D:4)
  Ijyb (D:3)
  15 orc wizards
  3 hound zombies (D:4)
  12 gnolls
  20 adders
  A white imp (D:5)
  5 ufetubi
  3 adder zombies (D:4)
  A worm (D:5)
  2 dart slugs
  57 orcs
  6 ball pythons
  3 bats
  7 endoplasms
  3 giant cockroaches
  8 goblins
  8 hobgoblins
  12 jackals
  21 kobolds
  4 quokkas
  2 frilled lizards
  7 rats
491 creatures vanquished.

Vanquished Creatures (collateral kills)
  4 hydras
  A death yak (Lair:2)
  A goliath frog (Lair:5)
  8 elephants
  A black mamba (Lair:1)
  7 cane toads
  3 komodo dragons
  A merfolk (D:9)
  2 tyrant leeches (Lair:5)
  A polar bear (Lair:5)
  A hornet (Gauntlet)
  2 dream sheep (Lair:4)
  12 blink frogs
  4 yaks
  A basilisk (Lair:5)
  2 vampire mosquitoes (Lair:5)
  A warg (D:12)
  An acid dragon (D:9)
  A water moccasin (Lair:5)
  2 wolves (Lair:3)
  6 bullfrogs
  2 electric eels (Lair:5)
  An orc priest (D:12)
  2 orc wizards (D:9)
  A gnoll (Orc:2)
  7 orcs
75 creatures vanquished.

Vanquished Creatures (others)
  A hydra zombie (Lair:5)
  A meliai zombie (D:11)
  A black mamba zombie (Lair:2)
  A tyrant leech zombie (Lair:5)
  A two-headed ogre zombie (D:9)
  3 cane toad zombies
  A dream sheep zombie (Lair:4)
  6 elephant zombies (Lair:5)
  9 blink frog zombies
  2 vampire mosquito zombies (Lair:5)
  2 rime drake zombies
  A komodo dragon zombie (Lair:2)
  A wyvern zombie (Lair:5)
  3 water moccasin zombies
  2 yak zombies
  A wolf zombie (Lair:3)
  3 bullfrog zombies
  2 orc wizards (D:9)
  4 killer bee zombies
  A howler monkey zombie (D:10)
  2 spectral electric eels
  A steam dragon zombie (D:9)
  4 adder zombies (Lair:1)
  3 gnoll zombies
  12 orc zombies
  2 spectral ufetubi (Gauntlet)
  3 demonic plants (Gauntlet)
  84 fungi
  169 plants
  5 withered plants (D:4)
331 creatures vanquished.

Grand Total: 897 creatures vanquished

Notes
Turn   | Place    | Note
-------+----------+-------------------------------------------
     0 | D:1      | zeram the Hill Orc Fighter began the quest for the Orb.
     0 | D:1      | Reached XP level 1. HP: 19/19 MP: 1/1
     4 | D:1      | Found Zegient's Weapon Emporium.
    82 | D:1      | Reached XP level 2. HP: 27/27 MP: 2/2
   160 | D:1      | Found a faded altar of an unknown god.
   553 | D:1      | Reached skill level 3 in Axes
   698 | D:1      | Reached XP level 3. HP: 26/33 MP: 3/3
  1595 | D:2      | Reached XP level 4. HP: 37/40 MP: 4/4
  1779 | D:2      | Reached skill level 4 in Axes
  1922 | D:3      | Noticed Terence
  1929 | D:3      | Killed Terence
  1930 | D:3      | Reached XP level 5. HP: 43/47 MP: 5/5
  2008 | D:3      | Noticed Jessica
  2012 | D:3      | Killed Jessica
  2210 | D:3      | Noticed Ijyb
  2217 | D:3      | Killed Ijyb
  2218 | D:3      | Reached skill level 5 in Axes
  2715 | D:4      | Reached skill level 1 in Dodging
  2715 | D:4      | Reached XP level 6. HP: 52/53 MP: 6/6
  2737 | D:4      | Reached skill level 6 in Axes
  2759 | D:4      | Reached skill level 5 in Fighting
  2818 | D:4      | Reached XP level 7. HP: 61/61 MP: 7/7
  2899 | D:4      | Noticed Pikel
  2912 | D:4      | Killed Pikel
  2913 | D:4      | Reached skill level 8 in Axes
  2913 | D:4      | Reached skill level 5 in Armour
  2913 | D:4      | Reached XP level 8. HP: 39/69 MP: 8/8
  2916 | D:4      | Reached skill level 9 in Axes
  3100 | D:4      | Found a hazy altar of Hepliaklqana.
  3236 | D:5      | Entered Level 5 of the Dungeon
  3740 | D:5      | Found a sacrificial altar of Ru.
  3742 | D:5      | Found a radiant altar of Vehumet.
  3951 | D:5      | Found an ornate altar of the Wu Jian Council.
  3957 | D:5      | Reached skill level 10 in Axes
  4034 | D:5      | You fall into a shaft and drop 1 floor!
  4115 | D:6      | Identified 2 scrolls of acquirement
  4115 | D:6      | Acquired a manual of Axes
  4117 | D:6      | Acquired the +5 helmet of Piles {Drain Str+2 SInv}
  4140 | D:6      | Reached skill level 11 in Axes
  4140 | D:6      | Reached XP level 9. HP: 48/78 MP: 9/9
  4623 | D:7      | Reached skill level 5 in Shields
  4630 | D:7      | Reached skill level 12 in Axes
  4866 | D:7      | Found a staircase to the Ecumenical Temple.
  4957 | D:7      | Reached skill level 13 in Axes
  5040 | D:7      | Reached skill level 14 in Axes
  5696 | D:8      | Reached skill level 15 in Axes
  5749 | D:8      | Reached XP level 10. HP: 88/88 MP: 10/10
  5814 | D:8      | Found a sparkling altar of Nemelex Xobeh.
  5822 | D:8      | Reached skill level 16 in Axes
  5980 | D:8      | Noticed Grum
  6003 | D:8      | Killed Grum
  6211 | D:8      | Reached skill level 17 in Axes
  6533 | D:9      | Noticed Joseph
  6786 | Temple   | Entered the Ecumenical Temple
  6951 | Temple   | Became a worshipper of Yredelemnul the Dark
  7000 | D:9      | Killed Joseph
  7001 | D:9      | Reached skill level 18 in Axes
  7009 | D:9      | Reached * piety under Yredelemnul
  7010 | D:9      | Noticed a two-headed ogre
  7013 | D:9      | Reached ** piety under Yredelemnul
  7020 | D:9      | Killed a two-headed ogre
  7021 | D:9      | Reached XP level 11. HP: 90/99 MP: 11/11
  7027 | D:9      | Reached skill level 10 in Fighting
  7028 | D:9      | Reached *** piety under Yredelemnul
  7035 | D:9      | Noticed Erica
  7036 | D:9      | Reached **** piety under Yredelemnul
  7040 | D:9      | Reached ***** piety under Yredelemnul
  7050 | D:9      | Reached skill level 19 in Axes
  7050 | D:9      | Killed Erica
  7050 | D:9      | Reached ****** piety under Yredelemnul
  7063 | D:9      | Found an opulent altar of Gozag.
  7119 | D:9      | Found an iron altar of Okawaru.
  7204 | D:9      | Found a stormy altar of Qazlal.
  7269 | D:9      | Found a staircase to the Lair.
  7289 | D:9      | Found an ancient bone altar of Kikubaaqudgha.
  7491 | D:9      | Found a transporter.
  7495 | D:9      | Noticed a two-headed ogre
  7495 | D:9      | Noticed a two-headed ogre
  7496 | D:9      | Noticed BillyBaka's ghost (journeyman GrFi)
  7497 | D:9      | Identified the +8 great mace "Bukasmikh" {vorpal, Fragile
                  | Str+5 Dex+2}
  7497 | D:9      | Noticed a two-headed ogre
  7498 | D:9      | Noticed a two-headed ogre
  7500 | D:9      | Found a transporter.
  7500 | D:9      | Noticed a two-headed ogre
  7596 | Lair:1   | Entered Level 1 of the Lair of Beasts
  7811 | Lair:1   | Noticed a five-headed hydra
  7822 | Lair:1   | Killed a six-headed hydra
  8031 | Lair:1   | Reached XP level 12. HP: 110/110 MP: 12/12
  8165 | Lair:1   | Reached skill level 10 in Armour
  8190 | Lair:1   | Reached skill level 1 in Maces & Flails
  8445 | Lair:1   | Noticed a boulder beetle
  8458 | Lair:1   | Killed a boulder beetle
  8605 | Lair:2   | Found a hole to the Spider Nest.
  9011 | Lair:2   | Noticed a death yak
  9018 | Lair:2   | Killed a death yak
  9023 | Lair:2   | Noticed a death yak
  9024 | Lair:2   | Noticed a death yak
  9024 | Lair:2   | Noticed a death yak
  9024 | Lair:2   | Noticed a death yak
  9024 | Lair:2   | Noticed a death yak
  9038 | Lair:2   | Killed a death yak
  9038 | Lair:2   | Killed a death yak
  9039 | Lair:2   | Reached skill level 20 in Axes
  9043 | Lair:2   | Killed a death yak
  9044 | Lair:2   | Reached skill level 1 in Evocations
  9046 | Lair:2   | Killed a death yak
  9050 | Lair:2   | Killed a death yak
  9319 | Lair:2   | Noticed Harold
  9326 | Lair:2   | Killed Harold
  9327 | Lair:2   | Reached XP level 13. HP: 119/122 MP: 13/13
  9649 | Lair:3   | Found a staircase to the Shoals.
  9711 | Lair:3   | You fall into a shaft and drop 2 floors!
  9711 | Lair:5   | Entered Level 5 of the Lair of Beasts
 10166 | Lair:5   | Reached skill level 21 in Axes
 10587 | Lair:5   | Identified the +5 dagger "Higoimpunli" {flame, Will+ MP+9
                  | Int+4}
 10595 | Lair:5   | Reached XP level 14. HP: 133/133 MP: 14/14
 11239 | Lair:4   | Found a viscous altar of Jiyva.
 11239 | Lair:4   | Found a staircase to the Slime Pits.
 11476 | Lair:4   | Reached skill level 15 in Fighting
 12874 | D:10     | Entered Level 10 of the Dungeon
 12899 | D:10     | Found a glowing silver altar of Zin.
 12900 | D:10     | Noticed an angel
 13642 | D:10     | Found Sietz's Hydra Hut.
 14379 | D:11     | Reached skill level 22 in Axes
 14596 | D:12     | Found a gate leading to a gauntlet.
 14630 | Gauntlet | Entered a Gauntlet
 14630 | Gauntlet | Found a transporter.
 14630 | Gauntlet | Found a transporter.
 14631 | Gauntlet | Found a transporter.
 14657 | Gauntlet | Found a transporter.
 14669 | Gauntlet | Found a transporter.
 14673 | Gauntlet | Found a transporter.
 14685 | Gauntlet | Found a transporter.
 14685 | Gauntlet | Found a transporter.
 14691 | Gauntlet | Found a transporter.
 14692 | Gauntlet | Found a transporter.
 14766 | Gauntlet | Found a transporter.
 14770 | Gauntlet | Found a transporter.
 14848 | Gauntlet | Identified the ring of Temptation {rF+ Will+ EV+4 Stlth+}
 14902 | Gauntlet | Identified the amulet of Conversion {Acrobat Str+4 Dex+4}
 15184 | D:12     | Reached XP level 15. HP: 137/144 MP: 15/15
 15194 | D:12     | Found a staircase to the Orcish Mines.
 15737 | D:9      | Killed BillyBaka's ghost
 15881 | Orc:1    | Entered Level 1 of the Orcish Mines
 16182 | Orc:2    | Entered Level 2 of the Orcish Mines
 16300 | Orc:2    | Noticed Rupert
 16321 | Orc:2    | Mangled by Rupert

Illustrated notes

Levels and vault maps discovered:
D:1:      saegor_arrival_simple_c, layout_basic, serial_shops, shop,
          hellmonk_ecumenical_altar_blasted
D:2:      layout_rooms, minmay_misc_feat_four_crosses
D:3:      wad_pebble_path, layout_loops_ring, serial_rivers,
          chequers_serial_rivers_micro_e, chequers_serial_rivers_micro_d,
          chequers_serial_rivers_micro_c, chequers_serial_rivers_large_b,
          chequers_serial_rivers_micro_d, chequers_serial_rivers_marsh,
          uniq_terence, uniq_ijyb, uniq_jessica
D:4:      layout_basic, nicolae_hepliaklqana_hippocampus, serial_undead,
          serial_undead_b, serial_undead_b, serial_undead_f, serial_undead_b,
          serial_undead_f, serial_undead_e, uniq_pikel
D:5:      layout_loops_corners, nicolae_overflow_hidden_temple,
          minmay_increasing_density
D:6:      layout_gridville
D:7:      black_bear_nest_2, layout_basic, minmay_temple_entry_sparse_star,
          minmay_puff
D:8:      layout_gridville, nemelex_xobeh_ov_fountains_minmay, uniq_grum
D:9:      layout_big_octagon, mainiacjoe_overflow_brackets,
          nicolae_overflow_crystal_walls,
          chequers_temple_overflow_statue_of_worship, erik_lair_orcish_takeover,
          gammafunk_ghost_smash, hangedman_fish_farm, uniq_erica, uniq_joseph
D:10:     layout_stronghold, zin_angel, doesnt_shop_hydraphobe
D:11:     layout_irregular_city
D:12:     layout_basic, erik_orc_4, gauntlet_entry_generic
Temple:   chequers_temple_sunken
Lair:1:   minmay_lair_venomous_thicket, layout_gridlike, serial_bayou,
          serial_bayou_lagoon_a, serial_bayou_ford_a, serial_bayou_pond_b,
          serial_bayou_pond_d, serial_bayou_pond_b, serial_bayou_pond_d,
          nzn_sisyphean_effort
Lair:2:   layout_loops_ring, spider_nest_entry_web_field, uniq_harold
Lair:3:   layout_chaotic_city, minmay_shoals_entry_beasts
Lair:4:   layout_cave_pods, slime_entry_1, grunt_megastairs_3
Lair:5:   minmay_lair_end_frog_pond, layout_cellular_growth
Orc:1:    layout_diamond_mine
Orc:2:    st_orc_ogre_mass, layout_caves, uniq_rupert

Skill      XL: |  1  2  3  4  5  6  7  8  9 10 11 12 13 14 |
---------------+-------------------------------------------+-----
Axes           | 3 4 5 6 8 11 15 18 19 20 21 22 | 22.6
Fighting       | 4 5 6 7 9 11 13 14 16 | 16.6
Armour         | 4 5 6 7 8 9 11 13 14 | 14.9
Shields        | 4 5 6 7 8 9 |  9.9
Dodging        | 1 2 |  2.7
Maces & Flails | 3 4 |  4.8
Evocations     | 1 |  1.2

Action                   |  1- 3 |  4- 6 |  7- 9 | 10-12 | 13-15 || total
-------------------------+-------+-------+-------+-------+-------++-------
Melee: War axe           |    84 |   115 |   216 |   301 |   589 ||  1305
       Whip              |       |       |       |    32 |    22 ||    54
       Flail             |       |       |       |       |     4 ||     4
Evoke: Wand              |       |       |       |     2 |       ||     2
  Use: Scroll            |     1 |     1 |    13 |     6 |    12 ||    33
       Potion            |       |       |     2 |     3 |     4 ||     9
 Stab: Distracted        |       |       |       |     5 |     9 ||    14
       Invisible         |       |       |       |     3 |     4 ||     7
Armor: Scale mail        |    60 |    49 |    18 |       |       ||   127
       Plate armour      |       |       |    81 |   172 |   418 ||   671
Dodge: Dodged            |    45 |    56 |    47 |   100 |   243 ||   491
Block: Buckler           |    27 |    22 |    40 |    83 |   194 ||   366
